AoeStats
← 大清第一巴图鲁

Arabia

511783271Analyzed
1v1 RM · 13d ago on Oct 6, 2026· 43m 7s· 2 players
Game mode
Random Map
Map size
Tiny (2 player)
Population
200
Speed
Normal
Resources
Standard
Victory
Conquest
Starting age
Dark Age
Ending age
Imperial Age
RankedLock teamsTeams togetherTeam positionsShared explorationLock speedFull tech treeHidden civsTurbo modeCheats
Victory
Defeat
982
+15
vs
🇳🇿 Spanish · New Zealand
953
-15
Wrecking Ball Paul
7:48 Loom
10:55 Feudal Age
14:27 Bloodlines
15:39 Bloodlines
19:15 Double-Bit Axe
25:19 Castle Age
27:18 Sanctity
27:27 Fervor
30:54 Gold Mining
大清第一巴图鲁
0:32 Loom
11:06 Feudal Age
19:35 Castle Age
18:11 Double-Bit Axe
19:06 Gold Mining
20:04 Crossbowman
22:29 Bow Saw
25:58 Horse Collar
26:48 Fletching
27:05 Thumb Ring
29:34 Wheelbarrow
29:22 Bodkin Arrow
30:28 Padded Archer Armor
31:15 Heavy Plow
34:39 Stone Mining
34:53 Light Cavalry
38:54 Gold Shaft Mining
40:56 Imperial Age
39:20 Stone Shaft Mining
39:50 Scale Barding Armor
39:56 Forging
41:58 Hussar
43:04 Chain Barding Armor
Connection lost

Rejoining the realm…

Still unreachable

The connection could not be restored.

Session expired

The server has moved on; the page needs a fresh start.